 Dungeon Crawl Stone Soup version 0.28-a0-1435-g82390b3a13 (webtiles) character file.

Game seed: 4629220356073663495

9 HallandMoats the Skirmisher (level 2, -1/24 HPs)
             Began as a Demonspawn Fighter on Jan 9, 2022.
             Slain by a goblin (2 damage)
             ... on level 1 of the Dungeon.
             The game lasted 00:00:27 (664 turns).

HallandMoats the Skirmisher (Demonspawn Fighter)     Turns: 664, Time: 00:00:28

Health: -1/24      AC:  6    Str: 16    XL:     2   Next: 3%
Magic:  2/2        EV:  8    Int:  9    God:
Gold:   0          SH:  4    Dex: 12    Spells: 1/1 levels left

rFire   . . .      SeeInvis .   a - +0 war axe
rCold   . . .      Faith    .   c - +0 buckler
rNeg    . . .      Spirit   .   b - +0 scale mail
rPois   .          Reflect  .   (no helmet)
rElec   .          Harm     .   (no cloak)
rCorr   .          Rampage  .   (no gloves)
Will    .....                   (no boots)
Stlth   ..........              (no amulet)
HPRegen 0.08/turn               (no ring)
MPRegen 0.08/turn               (no ring)

@: no status effects
A: weakness stinger 1
a: no special abilities


You were on level 1 of the Dungeon.
You visited 1 branch of the dungeon, and saw 1 of its levels.

Inventory:

Hand Weapons
 a - a +0 war axe (weapon)
Armour
 b - a +0 scale mail (worn)
 c - a +0 buckler (worn)
Scrolls
 e - 2 scrolls of identify {unknown}
 f - 2 scrolls of fear {unknown}
Potions
 d - a potion of might
 g - 2 potions of curing {unknown}


   Skills:
 * Level 3.2 Fighting
 * Level 2.0 Axes
 + Level 2.7 Armour
 + Level 0.2 Dodging
 + Level 2.8 Shields


You had one spell level left.
You didn't know any spells.
Your spell library was empty.

Dungeon Overview and Level Annotations

Branches:
Dungeon (1/15)

Altars:


Innate Abilities, Weirdness & Mutations

You have a small tail.


Message History

The goblin hits you with a +0 dagger. The goblin hits you but does no damage.
The goblin hits you but does no damage. The goblin hits you with a +0 dagger.
You block the goblin's attack. You block the goblin's attack.
The goblin hits you but does no damage. The goblin barely misses you.
The goblin hits you with a +0 dagger. The goblin hits you but does no damage.
The goblin hits you with a +0 dagger. The goblin hits you but does no damage.
The goblin barely misses you. You block the goblin's attack.
The goblin hits you with a +0 dagger. You block the goblin's attack.
The goblin barely misses you. You block the goblin's attack.
The goblin hits you but does no damage. The goblin hits you with a +0 dagger.
The goblin hits you but does no damage. The goblin hits you but does no damage.
The goblin completely misses you. The goblin closely misses you.
The goblin hits you with a +0 dagger.
* * * LOW HITPOINT WARNING * * *
The goblin hits you with a +0 dagger.
* * * LOW HITPOINT WARNING * * *
The goblin barely misses you. The goblin closely misses you.
You block the goblin's attack. The goblin hits you but does no damage.
You block the goblin's attack. The goblin hits you with a +0 dagger.
* * * LOW HITPOINT WARNING * * *
You block the goblin's attack. The goblin hits you with a +0 dagger.
* * * LOW HITPOINT WARNING * * *
The goblin hits you with a +0 dagger.
You die...

#.....#...### #.......
#.....#.#...###.######
#.>...#.###...#.#.....
#######.# ###.#.#.####
#.# #.#.#.#... #.#
#.#.#.#.## ##.#
#.#.#.#.#. ##..#
#...#...#. #@.##
#.#.#.#.#. #g##
#.#.#.#.## #..
###.#.#... #.#.
#.#.#### #.#.#
#.#..... #.# .
#.###### #.# ##
#....... #.# #####.##
.


You could see a goblin.

Vanquished Creatures
  A ball python (D:1)
  An endoplasm (D:1)
  A goblin (D:1)
  2 kobolds (D:1)
  A quokka (D:1)
  A frilled lizard (D:1)
7 creatures vanquished.

Notes
Turn   | Place    | Note
-------+----------+-------------------------------------------
     0 | D:1      | HallandMoats the Demonspawn Fighter began the quest for the
                  | Orb.
     0 | D:1      | Reached XP level 1. HP: 18/18 MP: 1/1
    79 | D:1      | Found a faded altar of an unknown god.
   531 | D:1      | Discovered your monstrous ancestry.
   531 | D:1      | Gained mutation: You have a small tail. [demonic ancestry]
   531 | D:1      | Reached XP level 2. HP: 24/24 MP: 2/2
   663 | D:1      | HP: 1/24 [goblin (3)]
   664 | D:1      | Slain by a goblin

Illustrated notes

Levels and vault maps discovered:
D:1:      matt_arrival_refuge, layout_rooms, shapermc_ecumenical_altar_venn

Skill      XL: |  1 |
---------------+----+-----
Axes           | 2 |  2.0
Fighting       | |  3.2
Armour         | |  2.7
Dodging        | |  0.2
Shields        | |  2.8

Action                   || total
-------------------------++-------
Melee: War axe           ||    24
Armor: Scale mail        ||    31
Dodge: Dodged            ||    24
Block: Buckler           ||    13

Table legend: (Time is in decaauts)
 A = Elapsed time spent in this place.
 B = Non-inter-level travel time spent in this place.
 C = Inter-level travel time spent in this place.
 D = Time resting spent in this place.
 E = Time spent auto-exploring this place.
 F = Levels seen in this place.
 G = Mean time per level.
                   A        B        C        D        E       F      G
               +--------+--------+--------+--------+--------+-----+--------+
         Total |    674 |    674 |      0 |      0 |    545 |   1 |  674.0 |
       Dungeon |    674 |    674 |      0 |      0 |    545 |   1 |  674.0 |
               +--------+--------+--------+--------+--------+-----+--------+

Top non-repeatable levels by time:
     D:1: 674 daAuts
